 Dungeon Crawl Stone Soup version 0.24.0-123-gd5b16e6ec5 (webtiles) character file.

Game seed: 3964261243886748346, levelgen mode: deterministic

2840 FishyPogo the Poker (level 9, -1/74 HPs)
             Began as a Centaur Gladiator on Dec 29, 2019.
             Was a Believer of Ashenzari.
             Slain by an orc warrior
             ... wielding a +0 halberd
              (18 damage)
             ... on level 7 of the Dungeon on Dec 30, 2019.
             The game lasted 00:38:51 (6032 turns).

FishyPogo the Poker (Centaur Gladiator)             Turns: 6032, Time: 00:38:52

Health: -1/74      AC: 11    Str: 19    XL:     9   Next: 46%
Magic:  11/11      EV:  9    Int: 12    God:    Ashenzari [**....]
Gold:   329        SH:  0    Dex:  5    Spells: 6/11 levels left

rFire    . . .     SeeInvis .   B - +8 scythe of Eternity {flame, rElec Str-2 Int+5 Dex-5} (curse)
rCold    . . .     Gourm    .   (shield currently unavailable)
rNeg     . . .     Faith    .   x - +0 ring mail (curse)
rPois    +         Spirit   .   c - +0 helmet
rElec    +         Reflect  .   n - +0 cloak
rCorr    .         Harm     .   L - +2 pair of gloves
MR       .....                  (no barding)
Stlth    ..........             (no amulet)
HPRegen  0.22/turn              s - ring of poison resistance
MPRegen  0.12/turn              (no ring)

@: very quick
A: large, hooves 3, deformed body, speed 2, tough skin 3
a: Curse Item, Scrying, Renounce Religion


You were on level 7 of the Dungeon.
You worshipped Ashenzari.
Ashenzari was pleased with you.
You were not hungry.

You visited 1 branch of the dungeon, and saw 7 of its levels.
You also visited: Sewer.

You collected 329 gold pieces.

Inventory:

Hand Weapons
 B - the cursed +8 scythe of Eternity (weapon) {flame, rElec Str-2 Int+5 Dex-5}
   (You found it on level 4 of the Dungeon)

   It has been specially enchanted to burn those struck by it, causing extra
   injury to most foes and up to half again as much damage against particularly
   susceptible opponents.
   Big, fiery blades are also staple armaments of hydra-hunters.
   It affects your strength (-2).
   It affects your intelligence (+5).
   It affects your dexterity (-5).
   It insulates you from electricity.
   It has a curse placed upon it.
Missiles
 a - 7 atropa-tipped darts
 d - 2 throwing nets
 g - 188 stones
 u - 2 poisoned darts (quivered)
 E - 6 javelins
Armour
 c - a +0 helmet (worn)
 i - a +1 chain mail of fire resistance
 n - a +0 cloak (worn)
 x - a cursed +0 ring mail (worn)
 L - a +2 pair of gloves (worn)
Jewellery
 s - a ring of poison resistance (left hand)
Wands
 w - a wand of random effects (10)
 F - a wand of polymorph (7)
Scrolls
 h - 4 scrolls of identify {unknown}
 j - 2 scrolls of immolation {unknown}
 k - 2 scrolls of fear {unknown}
 o - 3 scrolls of teleportation {unknown}
 q - a scroll of enchant weapon {unknown}
 t - a scroll of blinking {unknown}
 y - a scroll of magic mapping {unknown}
 D - a scroll of random uselessness {unknown}
 G - a scroll of amnesia {unknown}
 H - 3 scrolls of remove curse
 J - 2 scrolls of noise {unknown}
Potions
 e - 2 potions of heal wounds {unknown}
 l - 2 potions of flight {unknown}
 r - 4 potions of magic {unknown}
 z - 2 potions of degeneration {unknown}
 A - a potion of mutation {unknown}
 I - a potion of haste
 K - 2 potions of agility {unknown}
Comestibles
 f - 8 rations
 C - 9 chunks of flesh


   Skills:
 + Level 5.6 Fighting
   Level 4.3 Short Blades
 - Level 6.9(10.0) Polearms
 - Level 3.0 Throwing
 - Level 4.0 Armour
 - Level 3.6 Dodging
 + Level 1.6 Spellcasting
 - Level 3.0 Hexes


You had 6 spell levels left.
You knew the following spells:

 Your Spells              Type           Power        Failure   Level  Hunger
a - Corona                Hex            #......      14%         1    ##.....
b - Apportation           Tloc           #.....       43%         1    ##.....
c - Regeneration          Chrm/Necr      #.........   82%         3    ####...

Your spell library contained the following spells:

 Spells                   Type           Power        Failure   Level  Hunger
 Confusing Touch          Hex            #.....       14%         1    ##.....
 Ensorcelled Hibernation  Hex/Ice        #.....       36%         2    ###....
 Confuse                  Hex            #.......     38%         3    ####...
 Tukima's Dance           Hex            #.......     38%         3    ####...
 Animate Skeleton         Necr           N/A          43%         1    ##.....
 Pain                     Necr           #...         43%         1    ##.....
 Summon Small Mammal      Summ           #...         43%         1    ##.....
 Dazzling Spray           Conj/Hex       #.....       61%         3    ####...
 Vampiric Draining        Necr           #.........   82%         3    ####...
 Animate Dead             Necr           N/A          99%         4    #####..


Dungeon Overview and Level Annotations

Branches:
Dungeon (7/15)             Temple (0/1) D:7           Sewer (visited)

Altars:
Ashenzari
Gozag
Kikubaaqudgha
Wu Jian

Annotations:
D:4 hitsuchi's ghost, amateur DDEE; twino's ghost, amateur MiBe


Innate Abilities, Weirdness & Mutations

You have hooves in place of feet.
Armour fits poorly on your strangely shaped body.
You cover ground very quickly.
You have extremely tough skin. (AC +3)


Message History

Aim: an orc warrior, wielding a +0 halberd and wearing a +0 plate armour (lightly wounded)
You reach to attack!
You hit the orc warrior but do no damage.
The orc warrior is lightly wounded.
The orc warrior hits you but does no damage.
Attack whom?
Press: ? - help, Dir - move target cursor, f/p - orc warrior
Aim: an orc warrior, wielding a +0 halberd and wearing a +0 plate armour (lightly wounded)
You reach to attack!
You barely miss the orc warrior.
The orc warrior is lightly wounded.
The orc warrior hits you from afar with a +0 halberd!!
Attack whom?
Press: ? - help, Dir - move target cursor, f/p - orc warrior
Aim: an orc warrior, wielding a +0 halberd and wearing a +0 plate armour (lightly wounded)
You reach to attack!
You slash the orc warrior! You burn the orc warrior.
The orc warrior is severely wounded.
The orc warrior hits you from afar with a +0 halberd!!
* * * LOW HITPOINT WARNING * * *
The orc warrior hits you from afar with a +0 halberd!!
You die...

* #.####* ,, , * *
#..#.## * * *, *
##.#..# * , , #.#>.#
* *** * #.#..##### *
#.#......# *
#.##.###.# * , #.##.#
#.# , #.##.# #@#
#######.( *
#.##.###.###.o...((.
*
#........o{o...o.(..
####.###.###.######.,
, #.....# #.# # *
#####.###....,, *** *
***#........#* , ,,
......#.###.##*, ** ,
#######.#*#.# , *


You could see an orc warrior.

Vanquished Creatures
  Pikel (D:4)
  Prince Ribbit (D:5)
  Edmund (D:5)
  Duvessa (D:6)
  2 sky beasts
  4 slaves
  2 ice beasts (D:6)
  A necrophage (D:5)
  An ogre (D:4)
  A big kobold (D:7)
  3 bullfrogs
  A gnoll sergeant (D:6)
  Dowan (D:6)
  A scorpion (D:5)
  A howler monkey (D:5)
  2 crimson imps
  A bullfrog zombie (D:5)
  2 jellies (D:3)
  An orc priest (D:5)
  6 hounds
  A centaur skeleton (D:4)
  4 worker ants
  Ijyb (D:3)
  3 orc wizards (D:5)
  A hound skeleton (D:4)
  6 gnolls
  10 adders
  2 shadow imps
  An ooze (D:3)
  2 adder zombies
  3 worms (D:2)
  2 dart slugs
  8 leopard geckos
  10 orcs
  7 bats
  9 giant cockroaches
  4 goblins
  10 hobgoblins
  20 jackals
  2 quokkas
  5 ball pythons (Sewer)
  11 frilled lizards
  A jackal skeleton (D:4)
  17 kobolds
  A leopard gecko skeleton (D:6)
  A quokka skeleton (D:4)
  8 rats
184 creatures vanquished.

Vanquished Creatures (others)
  A withered plant (D:4)
1 creature vanquished.

Grand Total: 185 creatures vanquished

Notes
Turn   | Place    | Note
-------+----------+-------------------------------------------
     0 | D:1      | FishyPogo the Centaur Gladiator began the quest for the
                  | Orb.
     0 | D:1      | Reached XP level 1. HP: 17/17 MP: 1/1
   189 | D:1      | Reached XP level 2. HP: 21/24 MP: 2/2
   682 | D:1      | Reached skill level 1 in Armour
   689 | D:1      | Reached XP level 3. HP: 22/30 MP: 3/3
  1599 | D:2      | Found an ancient bone altar of Kikubaaqudgha.
  1599 | D:2      | Found a shattered altar of Ashenzari.
  1606 | D:2      | Reached XP level 4. HP: 37/37 MP: 4/4
  1609 | D:2      | Became a worshipper of Ashenzari the Shackled
  1724 | D:2      | Learned a level 1 spell: Corona
  2374 | D:3      | Found a glowing drain.
  2379 | Sewer    | Entered a sewer
  2598 | Sewer    | Reached XP level 5. HP: 45/45 MP: 5/5
  2866 | D:3      | Found an ornate altar of the Wu Jian Council.
  2901 | D:3      | Found a faded altar of an unknown god.
  2919 | D:3      | Reached skill level 1 in Hexes
  2978 | D:3      | Noticed Ijyb
  2998 | D:3      | Killed Ijyb
  2998 | D:3      | Reached XP level 6. HP: 37/51 MP: 6/6
  3360 | D:4      | Noticed Pikel
  3360 | D:4      | Noticed a slave
  3360 | D:4      | Noticed a slave
  3538 | D:4      | Noticed a slave
  3541 | D:4      | Noticed a slave
  3587 | D:3      | Killed a slave
  3604 | D:3      | Killed a slave
  3633 | D:3      | Killed a slave
  3771 | D:4      | Killed a slave
  3819 | D:4      | Killed Pikel
  3819 | D:4      | Reached XP level 7. HP: 30/60 MP: 7/7
  3957 | D:4      | Found a runed translucent gate.
  3957 | D:4      | Found a runed translucent gate.
  3958 | D:4      | Found a runed translucent gate.
  3968 | D:4      | Got the scythe of Eternity {flame, rElec Str-2 Int+5 Dex-5}
  3969 | D:4      | Identified the +8 scythe of Eternity {flame, rElec Str-2
                  | Int+5 Dex-5} (You found it on level 4 of the Dungeon)
  3989 | D:4      | Noticed twino's ghost (amateur MiBe)
  3989 | D:4      | Noticed hitsuchi's ghost (amateur DDEE)
  4148 | D:5      | Entered Level 5 of the Dungeon
  4149 | D:5      | Reached XP level 8. HP: 67/67 MP: 8/8
  4171 | D:5      | Noticed Edmund
  4188 | D:5      | Killed Edmund
  4188 | D:5      | Reached skill level 1 in Polearms
  4240 | D:5      | Reached * piety under Ashenzari
  4333 | D:5      | Reached skill level 2 in Polearms
  4349 | D:5      | Reached skill level 3 in Polearms
  4498 | D:5      | Reached skill level 4 in Polearms
  4663 | D:5      | Found an opulent altar of Gozag.
  4762 | D:5      | Noticed Prince Ribbit
  4909 | D:5      | Killed Prince Ribbit
  4909 | D:5      | Reached skill level 5 in Polearms
  5128 | D:6      | Reached XP level 9. HP: 67/72 MP: 9/9
  5157 | D:6      | Reached skill level 5 in Fighting
  5157 | D:6      | Reached skill level 6 in Polearms
  5239 | D:6      | Learned a level 1 spell: Apportation
  5269 | D:6      | Noticed Duvessa
  5375 | D:6      | Reached skill level 1 in Spellcasting
  5399 | D:6      | Noticed Dowan
  5433 | D:6      | Killed Duvessa
  5457 | D:6      | Killed Dowan
  5539 | D:6      | Reached ** piety under Ashenzari
  5818 | D:7      | Found a staircase to the Ecumenical Temple.
  5881 | D:7      | Learned a level 3 spell: Regeneration
  6032 | D:7      | Slain by an orc warrior

Levels and vault maps discovered:
D:1:      lemuel_arrival_rhombus, layout_loops_corners
D:2:      layout_loops_corners, chequers_temple_overflow_statue_of_worship,
          hangedman_abyss_or_decor_stabs
D:3:      layout_rooms, lemuel_crystal_altar,
          chequers_ecumenical_altar_simple_redux, portal_sewer_entry_e,
          uniq_ijyb
D:4:      layout_cave_pools, gammafunk_ghost_cemetery, uniq_pikel
D:5:      layout_loops_ring, first_ration, grunt_gozag_statues,
          uniq_prince_ribbit1, uniq_edmund
D:6:      layout_loops_cross, uniq_duvessa
D:7:      layout_loops_ring, eat_drink_and_be_merry_uskayaw,
          gammafunk_temple_overflow_statue, minmay_temple_entry_trees,
          grunt_ogre_cave, ebering_dispersal_statue_hall, minmay_misc_feat_cross

Skill      XL: |  1  2  3  4  5  6  7  8  9 |
---------------+----------------------------+-----
Armour         | 1 2 3 4 |  4.0
Short Blades   | 3 4 |  4.3
Fighting       | 3 4 5 |  5.6
Throwing       | 3 |  3.0
Hexes          | 1 2 3 |  3.0
Dodging        | 3 |  3.6
Polearms       | 5 6 |  6.9
Spellcasting   | 1 |  1.6

Action                   |  1- 3 |  4- 6 |  7- 9 || total
-------------------------+-------+-------+-------++-------
Melee: Rapier            |   123 |       |       ||   123
       Kick              |    25 |    74 |    19 ||   118
       Dagger            |    11 |   283 |    10 ||   304
       Scythe            |       |       |   218 ||   218
Throw: Stone             |    13 |    63 |     1 ||    77
       Dart              |       |    11 |    11 ||    22
       Throwing net      |       |     1 |       ||     1
 Cast: Corona            |       |       |     7 ||     7
Invok: Curse Item        |       |       |     1 ||     1
 Stab: Held in net/web   |       |     1 |       ||     1
  Eat: Chunk             |     1 |     6 |     7 ||    14
Armor: Leather armour    |    58 |    48 |       ||   106
       Ring mail         |       |    51 |   128 ||   179
Dodge: Dodged            |    65 |   100 |   115 ||   280
